 Dungeon Crawl Stone Soup version 0.15-a0-1002-gecfd64c (webtiles) character file.

617 tizzy the Slasher (level 7, -1/50 HPs)
             Began as a Demonspawn Gladiator on May 24, 2014.
             Was a Follower of Makhleb.
             Slain by a centaur (9 damage)
             ... on Level 5 of the Dungeon.
             The game lasted 00:09:47 (4846 turns).

tizzy the Slasher (Demonspawn Gladiator)            Turns: 4846, Time: 00:09:47

HP  -1/50        AC  9     Str 17      XL: 7   Next: 21%
MP   7/7         EV 14     Int  9      God: Makhleb [*.....]
Gold 200         SH  0     Dex 14      Spells:  0 memorised,  6 levels left

rFire  . . .     SeeInvis .     i - +2,+1 falchion (vamp)
rCold  . . .     Clarity  .     l - +3 leather armour
rNeg   . . .     Conserve .     (no shield)
rPois  .         rCorr    .     c - +0 helmet
rElec  .         rRot     .     g - +0 cloak
SustAb .         Spirit   .     p - +0 pair of gloves
rMut   .         Warding  .     (no boots)
Gourm  +         Stasis   .     t - amulet of the gourmand
MR     .....                    (no ring)
                                (no ring)

@: not resistant to hostile enchantments, unstealthy
A: repulsion field 1, powered by pain 1, spiny 2
a: Renounce Religion


You were on level 5 of the Dungeon.
You worshipped Makhleb.
Makhleb was aware of your devotion.
You were full.

You visited 2 branches of the dungeon, and saw 6 of its levels.

You collected 266 gold pieces.
You spent 66 gold pieces at shops.

Inventory:

Hand weapons
 a - a +1,+0 long sword
 i - a +2,+1 vampiric falchion (weapon)
 m - a +0 blowgun
Missiles
 d - 3 throwing nets (quivered)
 r - 24 poisoned needles
Armour
 c - a +0 helmet (worn)
 g - a +0 cloak (worn)
 l - a +3 leather armour (worn)
 n - a +1 ring mail of fire resistance
 p - a +0 pair of gloves (worn)
Magical devices
 b - a wand of teleportation (9)
 s - a wand of fire (8)
 v - a wand of flame (12)
 w - a wand of confusion (13) {unknown}
 y - a wand of enslavement (11)
 z - a wand of magic darts (17)
 C - a wand of invisibility (2)
Comestibles
 f - 5 bread rations
 k - an apple
Scrolls
 e - a scroll of teleportation
 j - a scroll of magic mapping
 o - a scroll of recharging
 q - 3 scrolls of remove curse
 x - a scroll of immolation {unknown}
Jewellery
 t - an amulet of the gourmand (around neck)
Potions
 h - a potion of paralysis {unknown}
 u - a potion of berserk rage {unknown}
 A - a potion of curing
 B - 2 potions of haste


   Skills:
 - Level 2.0 Fighting
 * Level 7.4 Long Blades
 - Level 1.7 Throwing
 - Level 2.6 Dodging
 - Level 1.6 Stealth


You had 6 spell levels left.
You didn't know any spells.

Dungeon Overview and Level Annotations

Branches:
Dungeon (5/15)             Temple (1/1) D:4

Altars:
Ashenzari
Cheibriados
Fedhas
Gozag
Makhleb
Nemelex Xobeh
Okawaru
Qazlal
Sif Muna
Trog
Vehumet
Xom
Yredelemnul
The Shining One

Shops:
D:4 }


Innate Abilities, Weirdness & Mutations

You are surrounded by a mild repulsion field (EV +2).
You sometimes gain a little power by taking damage.
You are mostly covered in sharp spines.


Message History

The centaur is struck by your spines. The centaur barely misses you.
The kobold closely misses you.
The centaur hits you but does no damage.
Unknown command.
You hit the centaur.
You feel better.
The centaur is heavily wounded.
The centaur hits you but does no damage.
The hobgoblin hits you but does no damage.
The kobold hits you but does no damage.
You hit the centaur but do no damage.
The centaur is heavily wounded.
The centaur hits you.
* * * LOW HITPOINT WARNING * * *
The hobgoblin hits you with a club!
* * * LOW HITPOINT WARNING * * *
The kobold is struck by your spines.
You kill the kobold!
Makhleb accepts your kill. The centaur hits you!
You die...

....##...###.....
...####..# #.... .. ..##
.. #....###... .##
#......#....# ## #..#
#...........## .###...#
#............. ..#.....#
#..........!..
........###.....)c.......
................@........
.......#........g........
......###.....((........
.......#......((........
.............###........
.............# #.......
.............###(......
###................[... #
#...............(...


You could see a centaur and a hobgoblin.

Vanquished Creatures
  An ice beast (D:5)
  2 ogres
  A scorpion (D:3)
  An orc wizard (D:4)
  2 hounds
  An iguana (D:3)
  7 adders
  2 worms (D:3)
  3 giant geckos
  An ooze (D:1)
  12 orcs
  A ball python (D:2)
  10 bats
  6 giant cockroaches
  17 hobgoblins
  8 kobolds
  A quokka (D:5)
  3 giant newts
  10 goblins
  A goblin skeleton (D:5)
  6 jackals
  A jackal skeleton (D:4)
  A kobold skeleton (D:5)
  An orc skeleton (D:4)
  9 rats
108 creatures vanquished.

Notes
Turn   | Place    | Note
--------------------------------------------------------------
     0 | D:1      | tizzy, the Demonspawn Gladiator, began the quest for the Orb.
     0 | D:1      | Reached XP level 1. HP: 16/16 MP: 1/1
   248 | D:1      | Reached skill level 3 in Long Blades
   292 | D:1      | Gained mutation: You sometimes gain a little power by taking damage. [demonic ancestry]
   292 | D:1      | Reached XP level 2. HP: 12/22 MP: 2/2
  1179 | D:1      | Gained mutation: You are surrounded by a mild repulsion field (EV +2). [demonic ancestry]
  1179 | D:1      | Reached XP level 3. HP: 27/27 MP: 3/3
  1514 | D:2      | Reached skill level 4 in Long Blades
  2164 | D:3      | Gained mutation: You are partially covered in sharp spines. [demonic ancestry]
  2164 | D:3      | Reached XP level 4. HP: 33/33 MP: 4/4
  2280 | D:3      | Reached skill level 1 in Stealth
  2284 | D:3      | Noticed a scorpion
  2293 | D:3      | Killed a scorpion
  2502 | D:3      | Reached XP level 5. HP: 35/38 MP: 5/5
  2651 | D:3      | Reached skill level 5 in Long Blades
  2975 | D:3      | Noticed an ogre
  2980 | D:3      | Killed an ogre
  2994 | D:3      | Reached XP level 6. HP: 24/44 MP: 6/6
  3284 | D:4      | Reached skill level 6 in Long Blades
  3345 | D:4      | Found Ynew's Gadget Shop.
  3353 | D:4      | Bought a wand of invisibility (2) for 66 gold pieces
  3368 | D:4      | Found a staircase to the Ecumenical Temple.
  3375 | Temple   | Entered the Ecumenical Temple
  3456 | Temple   | Became a worshipper of Makhleb the Destroyer
  4254 | D:4      | Found an opulent altar of Gozag.
  4393 | D:4      | Found a radiant altar of Vehumet.
  4400 | D:4      | Found a bloodstained altar of Trog.
  4485 | D:5      | Entered Level 5 of the Dungeon
  4640 | D:5      | Reached skill level 7 in Long Blades
  4646 | D:5      | Gained mutation: You are mostly covered in sharp spines. [demonic ancestry]
  4646 | D:5      | Reached XP level 7. HP: 50/50 MP: 7/7
  4838 | D:5      | Acquired Makhleb's first power
  4846 | D:5      | Slain by a centaur

Action                   |  1- 3 |  4- 6 |  7- 9 || total
-------------------------+-------+-------+-------++-------
Melee: Long sword        |   108 |   180 |       ||   288
       Falchion          |       |    43 |    15 ||    58
Evoke: Wand              |       |     5 |       ||     5
  Use: Scroll            |       |    14 |       ||    14
 Stab: Sleeping          |       |     5 |       ||     5
